 Dungeon Crawl Stone Soup version 0.21.1-1-g345015f (webtiles) character file.

23 glosham the Charlatan (level 3, -2/23 HPs)
             Began as a Kobold Artificer on May 18, 2018.
             Slain by an adder (5 damage)
             ... on level 2 of the Dungeon.
             The game lasted 00:08:06 (407 turns).

glosham the Charlatan (Kobold Artificer)             Turns: 407, Time: 00:08:06

Health: -2/23      AC:  3    Str: 10    XL:     3   Next: 12%
Magic:  5/5        EV: 14    Int: 12    God:
Gold:   20         SH:  0    Dex: 15    Spells: 2/2 levels left

rFire    + . .     SeeInvis .   a - +0 short sword
rCold    . . .     Gourm    .   (shield restricted)
rNeg     . . .     Faith    .   b - +0 leather armour
rPois    .         Spirit   .   (no helmet)
rElec    .         Reflect  .   (no cloak)
rCorr    .         Harm     .   (no gloves)
MR       .....                  (no boots)
Stlth    ++........             (no amulet)
HPRegen  0.07/turn              A - ring of protection from fire
MPRegen  0.09/turn              (no ring)

@: lethally poisoned (-2 -> -6)
A: small, carnivore
a: no special abilities


You were on level 2 of the Dungeon.
You were completely stuffed.

You visited 1 branch of the dungeon, and saw 2 of its levels.

You collected 20 gold pieces.

Inventory:

Hand Weapons
 a - a +0 short sword (weapon)
Missiles
 h - 40 stones (quivered)
 j - 15 arrows
Armour
 b - a +0 leather armour (worn)
Jewellery
 A - a ring of protection from fire (left hand)
Wands
 c - a wand of flame (9)
 d - a wand of enslavement (7)
 e - a wand of random effects (13)
Scrolls
 i - a scroll of remove curse {unknown}
 k - a scroll of magic mapping {unknown}
Potions
 g - a potion of might {unknown}
 l - 2 potions of haste {unknown}
 m - a potion of lignification {unknown}
Comestibles
 f - 3 rations
 n - 2 chunks of flesh


   Skills:
 * Level 3.1 Fighting
 - Level 1.3 Short Blades
 - Level 2.4 Dodging
 - Level 1.3 Stealth
 - Level 3.6 Evocations


You had 2 spell levels left.
You didn't know any spells.

Dungeon Overview and Level Annotations

Branches:
Dungeon (2/15)

Altars:

Annotations:
D:2 Robin


Innate Abilities, Weirdness & Mutations

You are small and have problems with some larger weapons.
You are carnivorous and can eat meat at any time.


Message History

h - 40 stones (gained 16)
An adder comes into view.
Evoke which item? (* to show all) (? for menu, Esc to quit)
Aiming: Random Effects
Press: ? - help, Shift-Dir - straight line, f - adder
Aim: an adder The leopard gecko suddenly stops moving!
You see here 13 gold pieces.
The helpless leopard gecko fails to defend itself.
You puncture the leopard gecko!
You kill the leopard gecko!
Evoke which item? (* to show all) (? for menu, Esc to quit)
Aiming: Throw Flame
Press: ? - help, Shift-Dir - straight line, f/p - adder
Aim: an adder The puff of flame hits the adder.
The adder is moderately wounded.
The adder closely misses you. The adder bites you but does no damage.
Evoke which item? (* to show all) (? for menu, Esc to quit)
Aiming: Throw Flame
Press: ? - help, Shift-Dir - straight line, f/p - adder
Aim: an adder (moderately wounded)
The puff of flame misses the adder.
The adder completely misses you.
Evoke which item? (* to show all) (? for menu, Esc to quit)
Aiming: Throw Flame
Press: ? - help, Shift-Dir - straight line, f/p - adder
Aim: an adder (moderately wounded)
The puff of flame misses the adder.
The adder bites you.
You are poisoned.
The adder poisons you!
Evoke which item? (* to show all) (? for menu, Esc to quit)
Aiming: Throw Flame
Press: ? - help, Shift-Dir - straight line, f/p - adder
Aim: an adder (moderately wounded)
The puff of flame hits the adder.
The adder is almost dead.
You feel sick. The adder bites you.
* * * LOW HITPOINT WARNING * * *
The adder bites you.
You die...

#..(........#
###.####.###.## #†.)#
#†###.# #g#.####..##.#
#g.†.)....##)#
#..r.8....##)#
##..8.8..###.#
#.8._.8.###.#######)..
#..8$8...)....@S....#
#...8....##.#########
#.[......##.#
###......##..
############


You could see an adder.

Vanquished Creatures
  2 leopard geckos
  A bat (D:2)
  5 goblins (D:2)
  A hobgoblin (D:1)
  3 jackals
  A rat (D:2)
13 creatures vanquished.

Vanquished Creatures (collateral kills)
  A giant cockroach (D:2)
  3 goblins (D:2)
  A quokka (D:2)
  A kobold (D:2)
6 creatures vanquished.

Vanquished Creatures (others)
  A leopard gecko (D:2)
  2 goblins (D:2)
  A hobgoblin (D:2)
4 creatures vanquished.

Grand Total: 23 creatures vanquished

Notes
Turn   | Place    | Note
-------+----------+-------------------------------------------
     0 | D:1      | glosham the Kobold Artificer began the quest for the Orb.
     0 | D:1      | Reached XP level 1. HP: 12/12 MP: 3/3
   258 | D:2      | Reached skill level 2 in Fighting
   258 | D:2      | Reached XP level 2. HP: 17/17 MP: 4/4
   322 | D:2      | Noticed Robin
   327 | D:2      | Found a faded altar of an unknown god.
   355 | D:2      | Reached skill level 3 in Fighting
   355 | D:2      | Reached XP level 3. HP: 7/23 MP: 5/5
   407 | D:2      | Slain by an adder

Skill      XL: |  1  2 |
---------------+-------+-----
Fighting       | 2 3 |  3.1
Short Blades   | |  1.3
Dodging        | |  2.4
Stealth        | |  1.3
Evocations     | |  3.6

Action                   || total
-------------------------++-------
Melee: Short sword       ||    45
Evoke: Wand              ||    16
 Stab: Sleeping          ||     1
       Paralysed         ||     1
  Eat: Chunk             ||     7
Armor: Leather armour    ||    17
Dodge: Dodged            ||    30

Table legend:
 A = Turns spent in this place as a percentage of turns spent in the entire game.
 B = Non-inter-level travel turns spent in this place as a percentage of non-inter-level travel turns spent in the entire game.
 C = Inter-level travel turns spent in this place as a percentage of turns spent in this place.
 D = Turns resting spent in this place as a percentage of non-inter-level travel turns spent in this place.
 E = Turns spent auto-exploring this place as a percentage of non-inter-level travel turns spent in this place.
 F = Non-inter-level travel turns spent in this place divided by the number of levels of this place that you've seen.
                   A       B       C       D       E      F
               +-------+-------+-------+-------+-------+----------------------
         Total | 100.0 | 100.0 |   0.0 |   0.0 |   0.0 | 203.5
       Dungeon | 100.0 | 100.0 |   0.0 |   0.0 |   0.0 | 203.5
               +-------+-------+-------+-------+-------+----------------------

Table legend:
 A = Kills in this place as a percentage of kills in entire the game.
 B = Kills by you in this place as a percentage of kills by you in the entire game.
 C = Kills by friends in this place as a percentage of kills by friends in the entire game.
 D = Other kills in this place as a percentage of other kills in the entire game.
 E = Experience gained in this place as a percentage of experience gained in the entire game.
 F = Experience gained in this place divided by the number of levels of this place that you have seen.
                   A       B       C       D       E      F
               +-------+-------+-------+-------+-------+----------------------
         Total | 100.0 | 100.0 | 100.0 |   N/A | 100.0 |  17.0
       Dungeon | 100.0 | 100.0 | 100.0 |   N/A | 100.0 |  17.0
               +-------+-------+-------+-------+-------+----------------------

Vault maps used:
D:1:      erik_arrival_blinker_ship, minmay_pentomino_w2
D:2:      xom_teletrap_fun, nicolae_overflow_crystal_walls,
          lemuel_crystal_altar, lemuel_round_altar,
          chequers_ecumenical_altar_simple_redux, uniq_terence, uniq_robin
